 Dungeon Crawl Stone Soup version 0.31-a0-167-g1c394c0614 (webtiles) character file.

Game seed: 9983436521855201890

401 dohliylev the Ruffian (level 6, -8/91 HPs)
             Began as a Troll Berserker on June 14, 2023.
             Was a Priest of Trog.
             Mangled by a hornet (13 damage)
             ... on level 5 of the Dungeon.
             The game lasted 00:04:04 (3658 turns).

dohliylev the Ruffian (Troll Berserker)             Turns: 3658, Time: 00:04:04

Health: -8/91      AC:  4    Str: 34    XL:     6   Next: 54%
Magic:  5/5        EV: 10    Int:  3    God:    Trog [***...]
Gold:   244        SH:  0    Dex:  9    Spells: 5/5 levels left

rFire   . .          .
                       - Unarmed
rCold   . . .        (no shield)
rNeg    . . .        a - +0 animal skin
rPois   .            (helmet restricted)
rElec   .            (no cloak)
rCorr   .            (gloves unavailable)
SInv    .            (boots unavailable)
Will    .....        (no amulet) Stlth
                     f - +6 ring of strength
HPRegen 1.15/turn    (no ring)
MPRegen 0.09/turn

%: no passive effects
@: berserking, lethally poisoned (-8 -> -14), slowed
A: large, unfitting armour, claws 3, regeneration 1, shaggy fur 1, tough skin 1
a: Renounce Religion, Berserk, Trog's Hand


You were on level 5 of the Dungeon.
You worshipped Trog.
Trog was most pleased with you.
You visited 1 branch of the dungeon, and saw 5 of its levels.

You collected 244 gold pieces.

Inventory:

Missiles
 s - a throwing net
Armour
 a - a +0 animal skin (worn)
Jewellery
 f - a +6 ring of strength (left claw)
 h - a +4 ring of protection
 q - a ring of protection from cold
Wands
 t - a wand of polymorph (4)
 x - a wand of charming (10)
Scrolls
 c - 3 scrolls of fear {unknown}
 g - 3 scrolls of teleportation {unknown}
 k - a scroll of noise {unknown}
 m - 2 scrolls of identify {unknown}
 n - a scroll of blinking {unknown}
 p - a scroll of vulnerability {unknown}
 v - a scroll of enchant weapon {unknown}
 y - a scroll of immolation {unknown}
Potions
 b - 2 potions of invisibility {unknown}
 d - a potion of lignification {unknown}
 e - a potion of ambrosia {unknown}
 i - 2 potions of mutation {unknown}
 j - 3 potions of curing {unknown}
 l - a potion of attraction {unknown}
 o - a potion of berserk rage {unknown}
 r - 4 potions of might {unknown}
 u - 2 potions of degeneration {unknown}
 w - a potion of experience {unknown}
 z - a potion of brilliance {unknown}


   Skills:
 + Level 3.4 Fighting
 + Level 3.7 Dodging
 + Level 5.8 Unarmed Combat


You had 5 spell levels left.
You didn't know any spells.
Your spell library was empty.

Dungeon Overview and Level Annotations

Branches:
Dungeon (5/15)
 Temple: D:4-7

Altars:

Shops:
D:4 ?


Innate Abilities, Weirdness & Mutations

You are too large for most types of armour.
You have claws for hands.
Your natural rate of healing is unusually fast.
You are covered in fur. (AC +1)
You have tough skin. (AC +1)


Message History

A jelly comes into view.
The hornet stings you!
You feel yourself slow down.
The orc moves out of view.
You hear a shout!
There are monsters nearby!
There are monsters nearby!
You scratch the hornet.
The hornet is lightly wounded.
You feel yourself speed up. The hornet stings you!
You feel yourself slow down.
An orc comes into view. It is wielding a +0 whip.
The hornet barely misses you.
You barely miss the hornet.
The hornet is lightly wounded.
The orc shouts!
You hear a shout!
The hornet closely misses you. The hornet barely misses you.
You closely miss the hornet.
The hornet is lightly wounded.
You feel yourself speed up. The hornet stings you!
You feel yourself slow down. The hornet stings you!
You are poisoned.
You feel as though you will be slow longer.
You are too injured to fight recklessly!
You are too injured to fight recklessly!
A red film seems to cover your vision as you go berserk!
You feel yourself moving faster!
You feel mighty!
You feel very sick. The hornet stings you.
* * * LOW HITPOINT WARNING * * *
You are more poisoned.
You feel as though you will be slow longer.
The orc hits you but does no damage. The hornet stings you!
* * * LOW HITPOINT WARNING * * *
You feel as though you will be slow longer.
The orc barely misses you.
You miss the hornet.
The hornet is lightly wounded.
* * * LOW HITPOINT WARNING * * *
You feel very sick. The hornet stings you!
You die...

### .. .. o.##
##.o.# #..#.#
#########.##o#
............@#
.......(....#y#
...........##J#
..........## #.
..........## ##
#+######...#
##.## #.## #..#


You could see a hornet, a jelly and 2 orcs.

Vanquished Creatures
  A black bear (D:3)
  A hound (D:5)
  An orc priest (D:2)
  Terence (D:3)
  An iguana (D:3)
  An orc wizard (D:2)
  8 adders
  2 worms (D:2)
  3 dart slugs
  3 orcs
  3 bats
  5 endoplasms
  A giant cockroach (D:3)
  6 goblins
  10 hobgoblins
  13 jackals
  10 kobolds
  3 quokkas
  6 ball pythons
  5 frilled lizards
  5 rats
89 creatures vanquished.

Notes
Turn   | Place    | Note
-------+----------+-------------------------------------------
     0 | D:1      | dohliylev the Troll Berserker began the quest for the Orb.
     0 | D:1      | Reached XP level 1. HP: 22/22 MP: 0/0
   161 | D:1      | Reached XP level 2. HP: 25/29 MP: 1/1
   366 | D:1      | You fall into a shaft and drop 1 floor!
   421 | D:2      | Reached XP level 3. HP: 32/36 MP: 2/2
   461 | D:2      | Reached skill level 4 in Unarmed Combat
   461 | D:2      | Reached XP level 4. HP: 20/45 MP: 3/3
   548 | D:2      | Reached ** piety under Trog
  1206 | D:2      | Reached XP level 5. HP: 53/53 MP: 4/4
  1753 | D:3      | Noticed Terence
  1765 | D:3      | Killed Terence
  1841 | D:3      | Reached *** piety under Trog
  1911 | D:3      | Noticed a black bear
  1916 | D:3      | Killed a black bear
  1917 | D:3      | Reached skill level 5 in Unarmed Combat
  1917 | D:3      | Reached XP level 6. HP: 48/61 MP: 5/5
  3275 | D:4      | Found Quism's Magic Scroll Emporium.
  3529 | D:5      | Entered Level 5 of the Dungeon
  3653 | D:5      | Noticed a hornet
  3658 | D:5      | Mangled by a hornet

Illustrated notes

Levels and vault maps discovered:
D:1:      minmay_arrival_cross, layout_loops_ring, serial_forest,
          infiniplex_forest_clump_cross, infiniplex_forest_zigzag_2,
          infiniplex_forest_lined_corner, infiniplex_forest_lined_3,
          infiniplex_forest_straight_4, infiniplex_forest_clump_long,
          minivault_14
D:2:      layout_basic
D:3:      kennysheep_six_static_rooms, layout_basic, uniq_terence
D:4:      layout_loops_corners, serial_shops,
          nicolae_shop_pleasant_corner_grove, columned_hall_lemuel
D:5:      layout_basic, minmay_manual_macuahuitl, uniq_sigmund

Skill      XL: |  1  2  3  4  5 |
---------------+----------------+-----
Fighting       | 3 |  3.4
Dodging        | 3 |  3.7
Unarmed Combat | 4 5 |  5.8

Action                     |  1- 3 |  4- 6 || total
---------------------------+-------+-------++-------
  Melee: Unarmed           |    44 |   161 ||   205
         Punch             |       |     4 ||     4
 Invoke: Berserk           |       |     1 ||     1
 Armour: Animal skin       |     5 |    59 ||    64
  Dodge: Dodged            |    14 |    87 ||   101

Table legend: (Time is in decaauts)
 A = Elapsed time spent in this place.
 B = Non-inter-level travel time spent in this place.
 C = Inter-level travel time spent in this place.
 D = Time resting spent in this place.
 E = Time spent auto-exploring this place.
 F = Levels seen in this place.
 G = Mean time per level.
                   A        B        C        D        E       F      G
               +--------+--------+--------+--------+--------+-----+--------+
         Total |   3641 |   3537 |    104 |     23 |   2970 |   5 |  728.2 |
       Dungeon |   3641 |   3537 |    104 |     23 |   2970 |   5 |  728.2 |
               +--------+--------+--------+--------+--------+-----+--------+

Top non-repeatable levels by time:
     D:3: 1141 daAuts
     D:4: 817 daAuts
     D:2: 794 daAuts
     D:1: 759 daAuts
     D:5: 129 daAuts
